 Dungeon Crawl Stone Soup version 0.28.0-53-g5a82cb258f (webtiles) character file.

Game seed: 2155641333160995012

114 Peloso the Covered (level 4, -1/41 HPs)
             Began as a Minotaur Fighter on June 7, 2022.
             Was an Initiate of Okawaru.
             Slain by an orc
             ... wielding a +0 flail
              (8 damage)
             ... on level 3 of the Dungeon.
             The game lasted 00:02:50 (2172 turns).

Peloso the Covered (Minotaur Fighter)               Turns: 2172, Time: 00:02:52

Health: -1/41      AC: 10    Str: 20    XL:     4   Next: 67%
Magic:  3/3        EV:  7    Int:  5    God:    Okawaru [......]
Gold:   87         SH:  5    Dex: 12    Spells: 3/3 levels left

rFire   . . .      SeeInvis .   a - +0 long sword
rCold   . . .      Faith    .   e - +0 buckler
rNeg    . . .      Spirit   .   k - +0 chain mail
rPois   .          Reflect  .   (helmet restricted)
rElec   .          Harm     .   (no cloak)
rCorr   .          Rampage  .   h - +0 pair of gloves
Will    .....                   (no boots)
Stlth   ..........              (no amulet)
HPRegen 0.13/turn               (no ring)
MPRegen 0.08/turn               (no ring)

@: no status effects
A: horns 2, retaliatory headbutt
a: Renounce Religion


You were on level 3 of the Dungeon.
You worshipped Okawaru.
Okawaru was noncommittal.
You visited 1 branch of the dungeon, and saw 3 of its levels.

You collected 87 gold pieces.

Inventory:

Hand Weapons
 a - a +0 long sword (weapon)
 c - the +9 spear "Usymah" {vorpal, rC+ MP+9 Str-4}
   (You found it on level 3 of the Dungeon)

   It inflicts extra damage upon your enemies.
   Str:       It affects your strength (-4).
   rC:        It protects you from cold.
   MP:        It affects your magic capacity (+9).
Armour
 b - a +0 scale mail
 e - a +0 buckler (worn)
 h - a +0 pair of gloves (worn)
 k - a +0 chain mail (worn)
Scrolls
 f - a scroll of noise {unknown}
 j - a scroll of teleportation {unknown}
 l - a scroll of immolation {unknown}
Potions
 d - 2 potions of might
 g - 3 potions of brilliance
 i - a potion of mutation {unknown}


   Skills:
 + Level 4.3 Fighting
 + Level 4.2 Long Blades
 + Level 4.5 Armour
 + Level 0.6 Dodging
 + Level 0.5 Stealth
 + Level 3.9 Shields


You had 3 spell levels left.
You didn't know any spells.
Your spell library contained the following spells:

 Spells                   Type           Power      Damage    Failure   Level
 Cause Fear               Hex            0%         N/A       100%        4
 Dragon Form              Tmut           0%         N/A       100%        7
 Summon Small Mammal      Summ           Unusable   N/A       N/A         1
 Call Canine Familiar     Summ           Unusable   N/A       N/A         3
 Summon Guardian Golem    Hex/Summ       Unusable   N/A       N/A         3
 Dragon's Call            Summ           Unusable   N/A       N/A         9

Dungeon Overview and Level Annotations

Branches:
Dungeon (3/15)

Altars:
Okawaru


Innate Abilities, Weirdness & Mutations

You have a pair of horns on your head.
You reflexively headbutt those who attack you in melee.


Message History

The orc priest looks braver for a moment.
You barely miss something. Something hits you but does no damage.
You miss something. Something hits you. You block something's attack.
You hit something. Something hits you but does no damage.
You miss something. Something hits you.
You miss something. Something hits you.
The kobold throws a stone.
You block the stone.
You hit something. Your headbutt misses something.
Something hits you but does no damage. x2
You barely miss something. You headbutt something.
Something hits you but does no damage.
You closely miss something.
The kobold throws a stone.
Something hits you but does no damage.
You barely miss something. Your headbutt misses something.
You hear some strange, mumbled words.
You are confused.
The kobold throws a stone.
You bump into the rock wall.
Something hits you but does no damage.
You miss something. Your headbutt misses something.
Something hits you but does no damage. x2
You hear some strange, mumbled words.
Something tries to affect you, but you resist.
You're too confused to move!
You closely miss something.
You feel less confused. Something completely misses you.
You miss something.
You hear some strange, mumbled words.
A magic dart appears from out of thin air!
The magic dart hits you. The orc priest closely misses you.
You barely miss something. Your headbutt misses something.
The orc hits you but does no damage. Something hits you but does no damage.
You block the orc priest's attack.
You barely miss something. Something hits you but does no damage.
The orc hits you with a +0 flail.
* * * LOW HITPOINT WARNING * * *
The orc priest barely misses you. Something hits you.
* * * LOW HITPOINT WARNING * * *
The orc hits you with a +0 flail!
You die...

+........###...##
#...#.....#...####
#.<...............
.#...##
#.........########
.......
#............
.......
#.....#.#####
#.....o #.....#.#
#...... #.....#.#
#...... #@....#.#
#.....K##{o...#.###
#...o)o.#.......#
#.#######.......#
#### #.......# #...
#####'### #.##
#....######.#.
#....'........
#....#########


You could see an orc priest and an orc.

Vanquished Creatures
  A hound (D:2)
  An orc wizard (D:3)
  3 adders (D:2)
  A dart slug (D:1)
  An orc (D:3)
  7 endoplasms
  A giant cockroach (D:2)
  A goblin (D:1)
  3 hobgoblins
  2 kobolds (D:1)
  2 quokkas (D:1)
  A ball python (D:1)
  A frilled lizard (D:3)
  3 rats (D:1)
28 creatures vanquished.

Notes
Turn   | Place    | Note
-------+----------+-------------------------------------------
     0 | D:1      | Peloso the Minotaur Fighter began the quest for the Orb.
     0 | D:1      | Reached XP level 1. HP: 19/19 MP: 0/0
   500 | D:1      | Reached XP level 2. HP: 24/27 MP: 1/1
  1176 | D:2      | Reached XP level 3. HP: 33/33 MP: 2/2
  1876 | D:2      | Found a faded altar of an unknown god.
  1956 | D:2      | Reached XP level 4. HP: 39/40 MP: 3/3
  2029 | D:3      | Found an iron altar of Okawaru.
  2047 | D:3      | Became a worshipper of Warmaster Okawaru
  2048 | D:3      | Identified the +9 spear "Usymah" {vorpal, rC+ MP+9 Str-4}
  2172 | D:3      | Slain by an orc

Illustrated notes

Levels and vault maps discovered:
D:1:      onia_arrival_mini_maze, layout_basic
D:2:      layout_loops_ring, shapermc_ecumenical_altar_petra, minmay_box_of_dots
D:3:      layout_basic, okawaru_ov_weapons_minmay,
          mainiacjoe_overflow_tiny_flanked, nicolae_sif_muna_little_library

Skill      XL: |  1  2  3  4 |
---------------+-------------+-----
Armour         | 4 |  4.5
Long Blades    | 3 4 |  4.2
Fighting       | 4 |  4.3
Dodging        | |  0.6
Stealth        | |  0.5
Shields        | |  3.9

Action                   |  1- 3 |  4- 6 || total
-------------------------+-------+-------++-------
Melee: Long sword        |    62 |    43 ||   105
       Headbutt          |     9 |     4 ||    13
  Use: Potion            |     2 |       ||     2
       Scroll            |     2 |       ||     2
Armor: Scale mail        |     7 |       ||     7
       Chain mail        |    21 |    25 ||    46
Dodge: Dodged            |    23 |    10 ||    33
Block: Buckler           |    12 |    10 ||    22
